 Dungeon Crawl Stone Soup version 0.23.2-33-g5129a83184 (webtiles) character file.

Game seed: 9668404832399139012

671 Hebeh the Destroyer (level 7, 0/36 HPs)
             Began as a Deep Elf Conjurer on June 25, 2019.
             Slain by a gnoll
             ... wielding a +0 halberd
              (12 damage)
             ... on level 5 of the Dungeon on June 27, 2019.
             The game lasted 00:34:43 (4623 turns).

Hebeh the Destroyer (Deep Elf Conjurer)             Turns: 4623, Time: 00:34:44

Health: 0/36       AC:  4    Str:  5    XL:     7   Next: 32%
Magic:  10/19      EV: 13    Int: 22    God:
Gold:   100        SH:  0    Dex: 15    Spells: 18/19 levels left

rFire    . . .     SeeInvis +   b - +0 hunting sling
rCold    . . .     Gourm    .   (no shield)
rNeg     . . .     Faith    .   d - +0 robe
rPois    .         Spirit   .   (no helmet)
rElec    .         Reflect  .   y - scarf {cloud immunity}
rCorr    .         Harm     .   n - +0 pair of gloves
MR       .....                  q - +0 pair of boots
Stlth    ++........             t - amulet of the acrobat
HPRegen  0.12/turn              v - ring of see invisible
MPRegen  0.16/turn              (no ring)

@: no status effects
A: no striking features
a: no special abilities


You were on level 5 of the Dungeon.
You were not hungry.

You visited 1 branch of the dungeon, and saw 5 of its levels.

You collected 190 gold pieces.
You spent 90 gold pieces at shops.

Inventory:

Hand Weapons
 a - a +4 dagger
 b - a +0 hunting sling (weapon)
 o - a +3 whip
 D - a +3 falchion of holy wrath
Missiles
 h - 34 arrows
 j - 231 stones (quivered)
Armour
 d - a +0 robe (worn)
 n - a +0 pair of gloves (worn)
 q - a +0 pair of boots (worn)
 y - a scarf of cloud immunity (worn)
 E - a +0 leather armour
Jewellery
 t - an amulet of the acrobat (around neck)
 v - a ring of see invisible (left hand)
 C - an uncursed amulet of rage {unknown}
Scrolls
 e - 4 scrolls of remove curse
 f - a scroll of enchant weapon {unknown}
 k - 9 scrolls of identify {unknown}
 m - 2 scrolls of enchant armour {unknown}
 p - a scroll of fear {unknown}
 r - a scroll of noise {unknown}
 s - 2 scrolls of random uselessness {unknown}
 w - 5 scrolls of teleportation {unknown}
 B - 2 scrolls of magic mapping {unknown}
Potions
 g - a potion of brilliance {unknown}
 i - 4 potions of curing
 l - a potion of resistance {unknown}
 u - a potion of lignification {unknown}
 x - a potion of magic {unknown}
 z - 3 potions of mutation {unknown}
 A - a potion of invisibility {unknown}
 F - a potion of agility {unknown}
Comestibles
 c - 9 rations
 G - a chunk of flesh


   Skills:
 - Level 2.4 Dodging
 - Level 2.4 Stealth
 + Level 6.7 Spellcasting
 * Level 8.5 Conjurations


You had 18 spell levels left.
You knew the following spells:

 Your Spells              Type           Power        Failure   Level  Hunger
a - Magic Dart            Conj           ####         1%          1    None

Your spell library contained the following spells:

 Spells                   Type           Power        Failure   Level  Hunger
 Searing Ray              Conj           #####.       1%          2    None
 Iskenderun's Mystic Bla  Conj           #####...     2%          4    ###....
 Dazzling Spray           Conj/Hex       ####..       4%          3    #......
 Force Lance              Conj/Tloc      ####....     14%         4    ###....
 Fulminant Prism          Conj/Hex       ####......   14%         4    ###....


Dungeon Overview and Level Annotations

Branches:
Dungeon (5/15)
 Temple: D:4-7

Altars:
Cheibriados
Dithmenos
Elyvilon
Makhleb
Sif Muna
Xom
Yredelemnul
Zin
The Shining One

Annotations:
D:4 1 runed translucent door, Wilfredo's ghost, novice HOFi


Message History

The magic dart hits the gnoll shaman but does no damage.
The gnoll shaman is heavily wounded.
The gnoll hits you with a +0 club.
The gnoll shaman hits you with a +0 club.
The gnoll closely misses you. The gnoll barely misses you.
The gnoll shaman hits you but does no damage.
The gnoll misses you.
You see here a gnoll corpse.
The gnoll shaman calls upon its god to heal the gnoll.
The gnoll is healed somewhat.
Casting: Magic Dart (safe; 1% risk of failure)
Confirm with . or Enter, or press ? or * to list all spells.
Aiming: Magic Dart (safe; 1% risk of failure)
Press: ? - help, Shift-Dir - straight line, f/p - gnoll
Aim: a gnoll, wielding a +0 halberd (lightly wounded)
The magic dart hits the gnoll!
The gnoll is heavily wounded.
The gnoll barely misses you.
The gnoll hits you from afar with a +0 halberd!
You die...

### ## .. ..
##.##.# #.....### #
#@.# .. #.##g.##.#
#.# #....gg..###
#.# ####(.......
##'##
#(#########...##
#.## ##.....##
##..## ##.......##
#....####.).......#
#.......'.........'


You could see a gnoll shaman and 2 gnolls.

Vanquished Creatures
  A sky beast (D:5)
  3 ogres
  A hound (D:4)
  A jelly (D:5)
  An orc wizard (D:4)
  Natasha (thrice) (D:4)
  A howler monkey zombie (D:5)
  2 gnolls (D:5)
  5 adders
  An adder skeleton (D:5)
  2 worms
  A dart slug (D:2)
  3 leopard geckos
  12 orcs
  2 ball pythons (D:3)
  8 bats
  2 giant cockroaches
  6 goblins
  6 hobgoblins
  3 jackals (D:5)
  A quokka (D:2)
  7 frilled lizards
  3 kobolds
  7 rats
  A spectral orc (D:2)
83 creatures vanquished.

Notes
Turn   | Place    | Note
-------+----------+-------------------------------------------
     0 | D:1      | Hebeh the Deep Elf Conjurer began the quest for the Orb.
     0 | D:1      | Reached XP level 1. HP: 10/10 MP: 6/6
   257 | D:1      | Reached XP level 2. HP: 15/15 MP: 6/8
   587 | D:2      | Reached skill level 5 in Conjurations
   698 | D:2      | Reached XP level 3. HP: 19/19 MP: 5/10
  1202 | D:2      | Found a basalt altar of Yredelemnul.
  1219 | D:2      | Upgraded the game from 0.23.2-30-g0e89c35649 to
                  | 0.23.2-33-g5129a83184
  1323 | D:3      | Reached XP level 4. HP: 24/24 MP: 10/12
  2260 | D:4      | Found Zin's Purification Station.
  2266 | D:4      | Reached skill level 6 in Conjurations
  2281 | D:4      | Found a glowing silver altar of Zin.
  2315 | D:4      | Reached XP level 5. HP: 20/28 MP: 4/14
  2468 | D:4      | Noticed an ogre
  2495 | D:3      | Killed an ogre
  2495 | D:3      | Reached skill level 5 in Spellcasting
  2656 | D:5      | Entered Level 5 of the Dungeon
  2726 | D:4      | Noticed Natasha
  2729 | D:4      | Killed Natasha
  2729 | D:4      | Reached skill level 7 in Conjurations
  2733 | D:4      | Found a runed translucent door.
  2733 | D:4      | Noticed Wilfredo's ghost (novice HOFi)
  2921 | D:4      | Found a burning altar of Makhleb.
  2921 | D:4      | Found a snail-covered altar of Cheibriados.
  2969 | D:4      | Noticed Natasha
  2974 | D:4      | Killed Natasha
  2974 | D:4      | Reached XP level 6. HP: 19/32 MP: 10/16
  3187 | D:4      | Found a white marble altar of Elyvilon.
  3220 | D:4      | Noticed Natasha
  3227 | D:4      | Killed Natasha
  3256 | D:4      | Found a shadowy altar of Dithmenos.
  3262 | D:4      | Found a deep blue altar of Sif Muna.
  3264 | D:4      | Found a shimmering altar of Xom.
  3312 | D:4      | Bought a potion of curing for 90 gold pieces
  3469 | D:4      | Found a glowing golden altar of the Shining One.
  3959 | D:5      | Noticed a sky beast
  3976 | D:5      | Killed a sky beast
  4435 | D:5      | Reached skill level 8 in Conjurations
  4435 | D:5      | Reached XP level 7. HP: 22/36 MP: 4/18
  4596 | D:5      | Noticed an air elemental
  4623 | D:5      | Slain by a gnoll

Skill      XL: |  1  2  3  4  5  6 |
---------------+-------------------+-----
Conjurations   | 5 6 7 8 |  8.5
Spellcasting   | 4 5 6 |  6.7
Dodging        | |  2.4
Stealth        | |  2.4

Action                   |  1- 3 |  4- 6 |  7- 9 || total
-------------------------+-------+-------+-------++-------
 Fire: Hunting sling     |     6 |     1 |       ||     7
 Cast: Magic Dart        |    60 |   132 |    19 ||   211
  Use: Scroll            |     1 |     1 |       ||     2
  Eat: Chunk             |     1 |     9 |     1 ||    11
Armor: Robe              |     4 |     5 |     2 ||    11
Dodge: Dodged            |    14 |    17 |    15 ||    46
